 Seeded DCSS version 0.29-a0-1052-g6990b1bffc (webtiles) character file.

Game seed: 1 (custom seed)

21 Kazon the Trooper (level 2, -3/28 HPs)
             Began as a Naga Berserker on Aug 17, 2022.
             Was a Follower of Trog.
             Frozen to death by an endoplasm (5 damage)
             ... on level 2 of the Dungeon.
             The game lasted 00:03:51 (683 turns).

Kazon the Trooper (Naga Berserker)                   Turns: 683, Time: 00:03:54

Health: -3/28      AC: 12    Str: 19    XL:     2   Next: 87%
Magic:  2/2        EV:  8    Int:  7    God:    Trog [*.....]
Gold:   134        SH:  0    Dex: 10    Spells: 1/1 levels left

rFire   . . .      SeeInvis +   a - +0 falchion
rCold   . . .      Faith    .   (no shield)
rNeg    . . .      Spirit   .   b - +0 animal skin
rPois   +          Reflect  .   (no helmet)
rElec   +          Harm     .   (no cloak)
rCorr   .          Rampage  .   (no gloves)
Will    .....                   e - +6 lightning scales {swift, rElec}
Stlth   +.........              d - amulet of the acrobat
HPRegen 0.09/turn               (no ring)
MPRegen 0.08/turn               (no ring)

@: attractive, flying, hasted, very quick
A: AC +0, large, see invisible, deformed body, poison resistance, slowness 2,
spit poison 1, naga tail 1
a: Spit Poison, Renounce Religion, Berserk


You were on level 2 of the Dungeon.
You worshipped Trog.
Trog was aware of your devotion.
You visited 1 branch of the dungeon, and saw 2 of its levels.

You collected 134 gold pieces.

Inventory:

Hand Weapons
 a - a +0 falchion (weapon)
Missiles
 i - 4 stones (quivered)
Armour
 b - a +0 animal skin (worn)
 e - the +6 lightning scales (worn) {swift, rElec}
   (You acquired it on level 1 of the Dungeon)

   It allows the wearer to cover ground more swiftly.
   rElec:     It insulates you from electricity.
Jewellery
 d - an amulet of the acrobat (around neck)
Scrolls
 h - a scroll of identify {unknown}


   Skills:
 + Level 3.4 Fighting
 + Level 3.3 Long Blades
 + Level 1.7 Armour
 + Level 1.8 Dodging


You had one spell level left.
You didn't know any spells.
Your spell library was empty.

Dungeon Overview and Level Annotations

Branches:
Dungeon (2/15)

Altars:


Innate Abilities, Weirdness & Mutations

Your serpentine skin is tough. (AC +0)
You have supernaturally acute eyesight. (SInv)
Armour fits poorly on your strangely shaped body.
Your system is resistant to poisons. (rPois)
You cover ground very slowly.
You can spit poison.
You have a snake-like lower body.


Message History

The gnoll hits you with a +0 spear. The gnoll attacks as you move away!
The gnoll completely misses you. The gnoll misses you.
An endoplasm comes into view.
The endoplasm closely misses you. The gnoll completely misses you.
The endoplasm closely misses you. The gnoll barely misses you.
The gnoll hits you from afar with a +0 halberd!
* * * LOW HITPOINT WARNING * * *
The endoplasm attacks as you move away! The endoplasm misses you.
An adder comes into view.
The adder hisses angrily.
The adder misses you. The adder closely misses you.
You barely miss the adder. The endoplasm closely misses you.
The adder bites you but does no damage.
The gnoll hits you from afar with a +0 spear.
* * * LOW HITPOINT WARNING * * *
The endoplasm hits you but does no damage.
You barely miss the adder.
The adder bites you but does no damage. x2
The gnoll hits you but does no damage. The endoplasm closely misses you.
You closely miss the adder. The adder barely misses you.
The gnoll hits you from afar with a +0 spear.
* * * LOW HITPOINT WARNING * * *
The endoplasm barely misses you.
It was a potion of flight.
You feel very buoyant.
You fly up into the air.
The adder bites you but does no damage. The gnoll barely misses you.
The endoplasm hits you.
* * * LOW HITPOINT WARNING * * *
The adder barely misses you.
It was a potion of haste.
You feel yourself speed up. The gnoll closely misses you.
The endoplasm barely misses you. The adder bites you but does no damage.
It was a potion of attraction.
You feel attractive to monsters. The adder barely misses you.
The gnoll hits you from afar with a +0 spear.
* * * LOW HITPOINT WARNING * * *
The endoplasm freezes you.
You are frozen.
You die...

#.......
..#.#.# #
#.#.#.#.#
######.#.#.#.#
#.........g..#
#.##....(gg###
#..####g# #..#
#J# # #..# #@#
#.##..####S#
####..........#
....>##..######
#....##..#
.........#
######.## #.#
#.#


You could see 3 gnolls, an adder, an endoplasm and a goblin.

Vanquished Creatures
  4 endoplasms (D:1)
  A giant cockroach (D:1)
  4 goblins (D:1)
  2 hobgoblins (D:1)
  A kobold (D:1)
  A quokka (D:1)
  A ball python (D:2)
  A bat (D:1)
  3 rats (D:1)
18 creatures vanquished.

Notes
Turn   | Place    | Note
-------+----------+-------------------------------------------
     0 | D:1      | Kazon the Naga Berserker began the quest for the Orb.
     0 | D:1      | Reached XP level 1. HP: 21/21 MP: 1/1
   107 | D:1      | Identified a scroll of acquirement
   107 | D:1      | Acquired the +6 lightning scales {swift, rElec}
   107 | D:1      | Found the +6 lightning scales {swift, rElec}
   260 | D:1      | Reached XP level 2. HP: 28/28 MP: 2/2
   683 | D:2      | Frozen to death by an endoplasm

Illustrated notes

Levels and vault maps discovered:
D:1:      dpeg_arrival_three_smaller_balls, layout_basic
D:2:      layout_loops_ring

Action                   || total
-------------------------++-------
Melee: Falchion          ||    33
Throw: Stone             ||     1
 Abil: Spit Poison       ||    11
  Use: Scroll            ||     1
       Potion            ||     3
Armor: Animal skin       ||    18
Dodge: Dodged            ||    44

Table legend: (Time is in decaauts)
 A = Elapsed time spent in this place.
 B = Non-inter-level travel time spent in this place.
 C = Inter-level travel time spent in this place.
 D = Time resting spent in this place.
 E = Time spent auto-exploring this place.
 F = Levels seen in this place.
 G = Mean time per level.
                   A        B        C        D        E       F      G
               +--------+--------+--------+--------+--------+-----+--------+
         Total |    817 |    799 |     18 |      0 |    289 |   2 |  408.5 |
       Dungeon |    817 |    799 |     18 |      0 |    289 |   2 |  408.5 |
               +--------+--------+--------+--------+--------+-----+--------+

Top non-repeatable levels by time:
     D:1: 776 daAuts
     D:2: 41 daAuts
